 Dungeon Crawl Stone Soup version 0.25-a0-316-gd28d56f9c5 (webtiles) character file.

Game seed: 7546114372380033, levelgen mode: classic

144 Borgoz the Cudgeler (level 5, -1/32 HPs)
             Began as a Gargoyle Gladiator on Dec 25, 2019.
             Slain by Grinder (6 damage)
             ... while paralysed by Grinder
             ... on level 3 of the Dungeon.
             The game lasted 00:03:16 (2449 turns).

Borgoz the Cudgeler (Gargoyle Gladiator)            Turns: 2449, Time: 00:03:17

Health: -1/32      AC:  0    Str: 18    XL:     5   Next: 27%
Magic:  5/5        EV:  3    Int:  8    God:
Gold:   128        SH:  0    Dex: 12    Spells: 4/4 levels left

rFire    . . .     SeeInvis .   (weapon currently unavailable)
rCold    . . .     Gourm    .   (shield currently unavailable)
rNeg     + . .     Faith    .   (armour currently unavailable)
rPois    ∞         Spirit   .   (helmet currently unavailable)
rElec    .         Reflect  .   (cloak currently unavailable)
rCorr    .         Harm     .   (gloves currently unavailable)
MR       .....                  (boots currently unavailable)
Stlth    +.........             (no amulet)
HPRegen  0.10/turn              (ring currently unavailable)
MPRegen  0.09/turn              (ring currently unavailable)

@: paralysed, pig-form, very quick
A: small, negative energy resistance 1, petrification resistance, rot immunity,
AC +4
a: no special abilities


You were on level 3 of the Dungeon.
You were not hungry.
You were a filthy swine.
You visited 1 branch of the dungeon, and saw 3 of its levels.

You collected 128 gold pieces.

Inventory:

Hand Weapons
 a - a +0 flail (melded)
Missiles
 d - 3 throwing nets (quivered)
Armour
 c - a +0 helmet (melded)
 e - a +0 ring mail (melded)
Jewellery
 k - a ring of see invisible (melded)
Scrolls
 h - a scroll of enchant armour {unknown}
 j - 3 scrolls of identify {unknown}
 m - a scroll of immolation {unknown}
 n - 2 scrolls of remove curse {unknown}
 o - a scroll of amnesia {unknown}
 p - a scroll of magic mapping {unknown}
Potions
 b - 2 potions of flight {unknown}
 i - a potion of resistance {unknown}
 l - 3 potions of curing {unknown}
Comestibles
 f - 6 rations


   Skills:
 + Level 3.1 Fighting
 * Level 4.2 Maces & Flails
 - Level 1.7 Throwing
 + Level 1.7 Armour
 * Level 3.2 Dodging


You had 4 spell levels left.
You didn't know any spells.
Your spell library contained the following spells:

 Spells                   Type           Power        Failure   Level  Hunger
 Summon Small Mammal      Summ           #...         41%         1    ##.....
 Call Imp                 Summ           #.......     54%         2    ###....
 Call Canine Familiar     Summ           #.......     78%         3    ####...
 Summon Guardian Golem    Hex/Summ       #.......     78%         3    ####...
 Summon Ice Beast         Ice/Summ       #.......     99%         4    #####..
 Summon Lightning Spire   Summ/Air       #.......     99%         4    #####..


Dungeon Overview and Level Annotations

Branches:
Dungeon (3/15)

Altars:

Annotations:
D:3 1 runed translucent door, Crazy Yiuf, Grinder


Innate Abilities, Weirdness & Mutations

You are resistant to torment.
((Your stone body is resilient. (AC +4)))
You are immune to poison.
You resist negative energy. (rN+)
((You are resistant to electric shocks. (rElec)))
((You can survive without breathing.))
You are immune to petrification.
You are immune to rotting.


Message History

Grinder is lightly wounded.
You hit Grinder.
Grinder is moderately wounded.
Grinder says, "I used to sell toenails on the black market."
Grinder gestures at you. You resist with significant effort.
You hit Grinder but do no damage.
Grinder is moderately wounded.
Grinder says, "There's only one good use for a tongue: cutting it out."
Grinder gestures at you.
You suddenly lose the ability to move!
Grinder hits you!
You writhe in agony.
Grinder hits you!
You writhe in agony.
* * * LOW HITPOINT WARNING * * *
Grinder hits you.
* * * LOW HITPOINT WARNING * * *
Grinder gestures at you. You resist with significant effort. Grinder hits you.
You die...

# # #.# ..# ### #.##..# ...
###.....# #.# ........# # #.#
#<...#..# #.#.# ..#..#..#
#########.#.#
#.#(.#..#.#...........#########.#
..............†5h...#...........#
#.##....#.##.########.###########
#...)...............#.#
####.###..##.#.####.#.###########
..........#......................
....>..........................##
####.............................
....................#.##.###.####
######.####.##<..##.#.##.# #.#


You could see Grinder.

Vanquished Creatures
  6 adders
  An ooze (D:1)
  3 worms
  A dart slug (D:1)
  5 orcs (D:3)
  10 bats
  5 giant cockroaches
  5 hobgoblins
  6 jackals
  9 kobolds
  3 quokkas
  2 frilled lizards
  5 goblins
  10 rats
71 creatures vanquished.

Notes
Turn   | Place    | Note
-------+----------+-------------------------------------------
     0 | D:1      | Borgoz the Gargoyle Gladiator began the quest for the Orb.
     0 | D:1      | Reached XP level 1. HP: 12/12 MP: 1/1
   100 | D:1      | Reached XP level 2. HP: 18/18 MP: 2/2
   308 | D:1      | Reached XP level 3. HP: 22/22 MP: 3/3
   363 | D:1      | Reached skill level 1 in Armour
   932 | D:2      | Reached XP level 4. HP: 12/27 MP: 4/4
  1577 | D:3      | Reached skill level 4 in Maces & Flails
  1634 | D:3      | Reached XP level 5. HP: 14/32 MP: 5/5
  2403 | D:3      | Found a runed translucent door.
  2404 | D:3      | Noticed Crazy Yiuf
  2428 | D:3      | Noticed Grinder
  2435 | D:3      | Paralysed by Grinder for 2 turns
  2444 | D:3      | Paralysed by Grinder for 7 turns
  2449 | D:3      | Slain by Grinder

Levels and vault maps discovered:
D:1:      minmay_arrival_loop, layout_basic, minmay_misc_feat_rugged
D:2:      layout_loops_ring, minmay_misc_feat_square
D:3:      layout_basic, lemuel_coloured_pillars_altar, lemuel_statue_altar,
          uniq_natasha, uniq_grinder, uniq_crazy_yiuf_cottage

Skill      XL: |  1  2  3  4 |
---------------+-------------+-----
Armour         | 1 |  1.7
Dodging        | 3 |  3.2
Maces & Flails | 4 |  4.2
Fighting       | 3 |  3.1
Throwing       | |  1.7

Action                   |  1- 3 |  4- 6 || total
-------------------------+-------+-------++-------
Melee: Flail             |   124 |   159 ||   283
       Unarmed           |       |     3 ||     3
Throw: Throwing net      |     1 |     1 ||     2
 Stab: Held in net/web   |       |     1 ||     1
  Eat: Chunk             |       |     4 ||     4
       Ration            |       |     1 ||     1
Armor: Ring mail         |    64 |    82 ||   146
Dodge: Dodged            |   112 |   131 ||   243

Table legend:
 A = Non-vault XP
 B = Vault XP
 C = Vault XP percentage of total XP
 D = Non-vault monster count
 E = Vault monster count
 F = Vault count percentage of total count
                 A         B        C        D         E       F
            +---------+---------+-------+---------+---------+-------
      Total |     207 |       0 |   0.0 |      71 |       0 |   0.0
            +---------+---------+-------+---------+---------+-------
        D:1 |      47 |       0 |   0.0 |      25 |       0 |   0.0
        D:2 |      91 |       0 |   0.0 |      22 |       0 |   0.0
        D:3 |      69 |       0 |   0.0 |      24 |       0 |   0.0
            +---------+---------+-------+---------+---------+-------
